 Dungeon Crawl Stone Soup version 0.27-a0-287-gd4424db430 (webtiles) character file.

Game seed: 6873449538822939226

290 Borgoz the Skirmisher (level 6, -2/39 HPs)
             Began as a Gargoyle Berserker on Feb 8, 2021.
             Was a Believer of Trog.
             Slain by a worker ant (3 damage)
             ... on level 4 of the Dungeon.
             The game lasted 00:03:20 (3152 turns).

Borgoz the Skirmisher (Gargoyle Berserker)          Turns: 3152, Time: 00:03:21

Health: -2/39      AC: 10    Str: 20    XL:     6   Next: 32%
Magic:  6/6        EV: 12    Int:  8    God:    Trog [**....]
Gold:   158        SH:  5    Dex: 11    Spells: 5/5 levels left

rFire    . . .     SeeInvis .   i - +0 flail
rCold    . . .     Faith    .   (no shield)
rNeg     + . .     Spirit   .   n - +0 ring mail
rPois    ∞         Reflect  +   (no helmet)
rElec    +         Harm     .   (no cloak)
rCorr    .         Rampage  .   (no gloves)
Will     ++...                  (no boots)
Stlth    +.........             g - amulet of reflection
HPRegen  1.13/turn              (no ring)
MPRegen  0.10/turn              (no ring)

@: regenerating
A: negative energy resistance 1, electricity resistance, unbreathing,
petrification resistance, miasma immunity, AC +4
a: Renounce Religion, Berserk, Trog's Hand


You were on level 4 of the Dungeon.
You worshipped Trog.
Trog was pleased with you.
You visited 1 branch of the dungeon, and saw 4 of its levels.

You collected 158 gold pieces.

Inventory:

Hand Weapons
 i - a +0 flail (weapon)
Armour
 n - a +0 ring mail (worn)
Jewellery
 g - an amulet of reflection (around neck)
Scrolls
 a - 2 scrolls of immolation {unknown}
 b - a scroll of fog {unknown}
 c - 2 scrolls of teleportation {unknown}
 f - a scroll of identify {unknown}
 l - a scroll of remove curse
 m - a scroll of enchant armour {unknown}
Potions
 d - a potion of attraction {unknown}
 e - a potion of resistance {unknown}
 h - a potion of magic
 j - a potion of brilliance {unknown}
 k - a potion of curing {unknown}
 o - a potion of mutation {unknown}
 p - a potion of degeneration {unknown}


   Skills:
 + Level 4.7 Fighting
 + Level 4.2 Maces & Flails
 + Level 3.9 Armour
 + Level 3.0 Dodging


You had 5 spell levels left.
You didn't know any spells.
Your spell library was empty.

Dungeon Overview and Level Annotations

Branches:
Dungeon (4/15)             Temple (0/1) D:4

Altars:
Ashenzari
Ru
Uskayaw
The Shining One

Annotations:
D:4 Sigmund


Innate Abilities, Weirdness & Mutations

You are resistant to torment.
Your stone body is resilient. (AC +4)
You are immune to poison.
You resist negative energy. (rN+)
You are resistant to electric shocks. (rElec)
You can survive without breathing.
You are immune to petrification.
You are immune to miasma.


Message History

Okay, then.
Okay, then.
You sock the worker ant!
The worker ant is almost dead.
You block the worker ant's attack. Something hits you.
* * * LOW HITPOINT WARNING * * *
The worker ant misses you.
You hit the worker ant.
The worker ant is almost dead.
The worker ant barely misses you.
You closely miss the worker ant.
The worker ant is almost dead.
You recover from your berserk rage.
You block something's attack. The worker ant barely misses you. x2
You barely miss the worker ant.
The worker ant is almost dead.
Something hits you!
* * * LOW HITPOINT WARNING * * *
The worker ant bites you.
You die...

###.......###
#...#...#...###
..#.......#...#######
#.....>.....#.#.....#
#.......#...#....<#
...#...#...#.)...>.#
............#.#<....#
.....#.#..###.#.....#
####.....lB@..#######
##.#.#{##### #...#..
#####..# #..# #..#
#..# #.


You could see a worker ant and a frilled lizard.

Vanquished Creatures
  An ogre (D:4)
  2 orc wizards (D:3)
  Terence (D:2)
  5 adders
  A worm (D:3)
  4 dart slugs
  A leopard gecko (D:3)
  10 orcs
  2 ball pythons
  8 giant cockroaches
  8 hobgoblins
  6 kobolds
  3 quokkas
  10 bats
  3 frilled lizards
  5 goblins
  2 rats
72 creatures vanquished.

Notes
Turn   | Place    | Note
-------+----------+-------------------------------------------
     0 | D:1      | Borgoz the Gargoyle Berserker began the quest for the Orb.
     0 | D:1      | Reached XP level 1. HP: 14/14 MP: 1/1
   412 | D:1      | Reached XP level 2. HP: 19/19 MP: 2/2
  1015 | D:2      | Reached XP level 3. HP: 17/24 MP: 3/3
  1172 | D:2      | Noticed Terence
  1181 | D:2      | Killed Terence
  1297 | D:2      | Reached XP level 4. HP: 21/29 MP: 4/4
  1796 | D:2      | Found a hide-covered altar of Uskayaw.
  1796 | D:2      | Noticed a +0 dagger
  1796 | D:2      | Noticed a +0 hand axe
  1868 | D:2      | Reached ** piety under Trog
  2102 | D:3      | Found a broken altar of Ashenzari.
  2331 | D:3      | Found a sacrificial altar of Ru.
  2398 | D:3      | Reached XP level 5. HP: 27/33 MP: 5/5
  2515 | D:3      | Found a glowing golden altar of the Shining One.
  3116 | D:4      | Noticed an ogre
  3120 | D:4      | Killed an ogre
  3121 | D:4      | Reached XP level 6. HP: 23/39 MP: 6/6
  3129 | D:4      | Found a staircase to the Ecumenical Temple.
  3130 | D:4      | Noticed Sigmund
  3152 | D:4      | HP: 1/39 [something (7)]
  3152 | D:4      | Slain by a worker ant

Illustrated notes

Levels and vault maps discovered:
D:1:      amcnicky_arrival_flooded_fountain, layout_basic, minmay_heptomino_l4
D:2:      layout_loops_ring, dancing_weapons_uskayaw,
          kennysheep_generic_room_16, uniq_terence
D:3:      layout_basic, nicolae_tso_carved_into_rock, lemuel_round_altar,
          ashenzari_conservatory_becter
D:4:      layout_loops_cross, minmay_temple_entry_sparse_star, serial_shops,
          shop, cheibrodos_sewer_entry_bend, uniq_sigmund

Skill      XL: |  1  2  3  4  5 |
---------------+----------------+-----
Dodging        | 2 3 |  3.0
Armour         | 3 |  3.9
Fighting       | 4 |  4.7
Maces & Flails | 4 |  4.2

Action                   |  1- 3 |  4- 6 || total
-------------------------+-------+-------++-------
Melee: Mace              |    74 |       ||    74
       Flail             |     4 |   202 ||   206
Invok: Berserk           |     2 |     1 ||     3
       Trog's Hand       |       |     3 ||     3
  Use: Scroll            |       |     1 ||     1
       Potion            |       |     1 ||     1
Armor: Animal skin       |    27 |    10 ||    37
       Ring mail         |       |    67 ||    67
Dodge: Dodged            |    62 |   124 ||   186
Block: Other             |       |    55 ||    55
       Reflection        |       |     1 ||     1

Table legend: (Time is in decaauts)
 A = Elapsed time spent in this place.
 B = Non-inter-level travel time spent in this place.
 C = Inter-level travel time spent in this place.
 D = Time resting spent in this place.
 E = Time spent auto-exploring this place.
 F = Levels seen in this place.
 G = Mean time per level.
                   A        B        C        D        E       F      G
               +--------+--------+--------+--------+--------+-----+--------+
         Total |   3244 |   3076 |    168 |    472 |   2023 |   4 |  811.0 |
       Dungeon |   3244 |   3076 |    168 |    472 |   2023 |   4 |  811.0 |
               +--------+--------+--------+--------+--------+-----+--------+

Top non-repeatable levels by time:
     D:2: 1252 daAuts
     D:3: 1076 daAuts
     D:1: 869 daAuts
     D:4: 46 daAuts
